 Dungeon Crawl Stone Soup version 0.28.0-62-gf88900778d (webtiles) character file.

Game seed: 10089998123719345943

57 snek11 the Insei (level 4, -1/28 HPs)
             Began as an Octopode Transmuter on June 25, 2022.
             Slain by a giant cockroach (2 damage)
             ... on level 2 of the Dungeon on Dec 12, 2023.
             The game lasted 00:12:18 (1972 turns).

snek11 the Insei (Octopode Transmuter)              Turns: 1972, Time: 00:12:18

Health: -1/28      AC:  1    Str:  9    XL:     4   Next: 0%
Magic:  7/7        EV: 13    Int: 17    God:
Gold:   24         SH:  0    Dex: 12    Spells: 3/7 levels left

rFire   . . .      SeeInvis .     - Unarmed
rCold   . . .      Faith    .   (no shield)
rNeg    . . .      Spirit   .   (helmet restricted)
rPois   .          Reflect  .   (no amulet)
rElec   .          Harm     .   (no ring)
rCorr   .          Rampage  .   (no ring)
Will    .....                   (no ring)
Stlth   +++.......              (no ring)
HPRegen 0.09/turn               (no ring)
MPRegen 0.10/turn               (no ring)
                                (no ring)
                                (no ring)

@: no status effects
A: almost no armour, amphibious, 8 rings, camouflage 1, gelatinous body 1,
(nimble swimmer 1), tentacles
a: no special abilities


You were on level 2 of the Dungeon.
You visited 1 branch of the dungeon, and saw 2 of its levels.

You collected 45 gold pieces.
You spent 21 gold pieces at shops.

Inventory:

Missiles
 e - 55 arrows
Scrolls
 c - a scroll of enchant weapon {unknown}
 f - 2 scrolls of identify {unknown}
Potions
 a - a potion of invisibility {unknown}
 b - a potion of heal wounds {unknown}
 d - a potion of resistance {unknown}


   Skills:
 + Level 1.2 Fighting
 + Level 2.2 Dodging
 + Level 1.4 Stealth
 + Level 4.0 Unarmed Combat
 + Level 2.2 Spellcasting
 + Level 2.2 Transmutations


You had 3 spell levels left.
You knew the following spells:

 Your Spells              Type           Power      Damage    Failure   Level
a - Beastly Appendage     Tmut           18%        N/A       8%          1
b - Spider Form           Tmut/Pois      5%         N/A       34%         3

Your spell library contained the following spells:

 Spells                   Type           Power      Damage    Failure   Level
 Wereblood                Tmut           9%         N/A       11%         2
 Ice Form                 Ice/Tmut       5%         N/A       75%         4


Dungeon Overview and Level Annotations

Branches:
Dungeon (2/15)

Altars:

Shops:
D:2 !*


Innate Abilities, Weirdness & Mutations

You cannot wear most types of armour.
You are amphibious.
You can wear up to eight rings at the same time.
Your skin changes colour to match your surroundings (Stealth+).
Your rubbery body absorbs attacks. (AC +1, EV +1)
((You are camouflaged when in or above water. (Stealth+)))
You have tentacles for arms and can constrict up to eight enemies at once.


Message History

The giant cockroach closely misses you. The giant cockroach bites you.
The giant cockroach closely misses you. The giant cockroach closely misses you.
The giant cockroach closely misses you. The giant cockroach misses you.
The giant cockroach bites you. The giant cockroach closely misses you.
The giant cockroach waves its antennae.
The giant cockroach misses you.
The giant cockroach bites you but does no damage.
The giant cockroach barely misses you. The giant cockroach bites you.
The giant cockroach closely misses you. The giant cockroach barely misses you.
The giant cockroach waves its antennae.
The giant cockroach bites you but does no damage.
The giant cockroach completely misses you.
The giant cockroach misses you. The giant cockroach bites you.
The giant cockroach completely misses you.
The giant cockroach closely misses you.
The giant cockroach bites you but does no damage.
The giant cockroach misses you. The giant cockroach misses you. x2
The giant cockroach bites you. The giant cockroach closely misses you.
The giant cockroach bites you. The giant cockroach bites you.
* * * LOW HITPOINT WARNING * * *
The giant cockroach bites you.
* * * LOW HITPOINT WARNING * * *
The giant cockroach bites you.
* * * LOW HITPOINT WARNING * * *
The giant cockroach bites you.
* * * LOW HITPOINT WARNING * * *
The giant cockroach bites you.
* * * LOW HITPOINT WARNING * * *
The giant cockroach barely misses you. The giant cockroach closely misses you.
The giant cockroach barely misses you. x2
The giant cockroach bites you.
You die...

#.##.# #.# .###'##
#.# ###...## #.#
##.....## ##.###
#.......## #....#
.........####....#
.........'.......####
.........###........#
#.......## #.#.#@##.#
##.....## #.###B# #
##...## #. #.# ##'##
#.# #.# ... #.# #.#
##.## #.# ##...## #.#
##.....#########


You could see a giant cockroach.

Vanquished Creatures
  A gnoll (D:1)
  An adder (D:2)
  A dart slug (D:1)
  2 bats
  3 endoplasms (D:1)
  4 giant cockroaches (D:1)
  2 goblins (D:1)
  3 hobgoblins
  6 jackals
  2 quokkas
  2 ball pythons (D:1)
  4 kobolds
  A rat (D:1)
32 creatures vanquished.

Notes
Turn   | Place    | Note
-------+----------+-------------------------------------------
     0 | D:1      | snek11 the Octopode Transmuter began the quest for the Orb.
     0 | D:1      | Reached XP level 1. HP: 13/13 MP: 3/3
   304 | D:1      | Reached XP level 2. HP: 18/18 MP: 5/5
   316 | D:1      | Found a faded altar of an unknown god.
   882 | D:1      | Reached XP level 3. HP: 17/23 MP: 6/6
  1023 | D:1      | Reached skill level 1 in Stealth
  1678 | D:2      | Found Ihud's Assorted Antiques.
  1686 | D:2      | Found Soxul's Distillery.
  1687 | D:2      | Bought a scroll labelled MIAHOK ZYCKEI for 21 gold pieces
  1691 | D:2      | Learned a level 3 spell: Spider Form
  1846 | D:2      | Reached skill level 4 in Unarmed Combat
  1846 | D:2      | Reached XP level 4. HP: 25/28 MP: 7/7
  1846 | D:2      | Upgraded the game from 0.28.0-53-g5a82cb258f to
                  | 0.28.0-62-gf88900778d
  1968 | D:2      | HP: 1/28 [giant cockroach (2)]
  1972 | D:2      | Slain by a giant cockroach

Illustrated notes

Levels and vault maps discovered:
D:1:      onia_arrival_pyramid, layout_basic,
          hellmonk_ecumenical_altar_leap_of_faith
D:2:      layout_loops_corners, serial_shops, shop, shop_statue,
          nicolae_shop_waterfront, shop, shop, uniq_terence, uniq_robin,
          uniq_crazy_yiuf_cottage

Skill      XL: |  1  2  3 |
---------------+----------+-----
Stealth        | 1 |  1.4
Unarmed Combat | 4 |  4.0
Fighting       | |  1.2
Dodging        | |  2.2
Spellcasting   | |  2.2
Transmutations | |  2.2

Action                   |  1- 3 |  4- 6 || total
-------------------------+-------+-------++-------
Melee: Unarmed           |    69 |       ||    69
       Tentacles         |    22 |       ||    22
       Constrict         |    21 |       ||    21
       Punch             |     3 |       ||     3
       Kick              |     2 |       ||     2
 Cast: Beastly Appendage |     4 |       ||     4
       Spider Form       |     1 |       ||     1
 Stab: Sleeping          |     8 |       ||     8
Armor: Skin              |     5 |     7 ||    12
Dodge: Dodged            |    34 |    76 ||   110
